 Dungeon Crawl Stone Soup version 0.29-a0-319-gad05b8d819 (webtiles) character file.

Game seed: 8526659976638193175

352 bande the Covered (level 6, -5/38 HPs)
             Began as a Gargoyle Fighter on Apr 2, 2022.
             Killed from afar by an orc wizard (10 damage)
             ... with a puff of flame
             ... on level 4 of the Dungeon.
             The game lasted 00:06:25 (5327 turns).

bande the Covered (Gargoyle Fighter)                Turns: 5327, Time: 00:06:26

Health: -5/38      AC: 12    Str: 18    XL:     6   Next: 61%
Magic:  6/6        EV:  6    Int:  8    God:
Gold:   187        SH:  0    Dex: 11    Spells: 5/5 levels left

rFire   . . .      SeeInvis .   a - +0 war axe
rCold   . . .      Faith    .   l - +2 tower shield
rNeg    + . .      Spirit   .   b - +0 scale mail
rPois   ∞          Reflect  .   (no helmet)
rElec   +          Harm     .   e - +0 cloak
rCorr   .          Rampage  .   (no gloves)
Will    .....                   (no boots)
Stlth   ..........              (no amulet)
HPRegen 0.12/turn               (no ring)
MPRegen 0.10/turn               (no ring)

@: confused
A: sickness immunity, AC +4, negative energy resistance 1, electricity
resistance, torment resistance 1, petrification resistance, weak 1, wild magic
1, sturdy frame 1
a: no special abilities


You were on level 4 of the Dungeon.
You visited 1 branch of the dungeon, and saw 4 of its levels.

You collected 187 gold pieces.

Inventory:

Hand Weapons
 a - a +0 war axe (weapon)
 n - a +0 flail
Armour
 b - a +0 scale mail (worn)
 e - a +0 cloak (worn)
 l - a +2 tower shield (worn)
Jewellery
 c - a +6 ring of intelligence
Wands
 h - a wand of paralysis (8)
Scrolls
 f - 2 scrolls of teleportation
 j - 4 scrolls of identify
 o - a scroll of amnesia {unknown}
Potions
 d - a potion of might
 g - 4 potions of curing
 i - a potion of brilliance
 k - a potion of magic
 m - a potion of berserk rage {unknown}


   Skills:
 + Level 4.2 Fighting
 + Level 3.8 Axes
 + Level 4.7 Armour
 + Level 4.6 Shields
 * Level 1.4 Evocations


You had 5 spell levels left.
You didn't know any spells.
Your spell library contained the following spells:

 Spells                   Type           Power      Damage    Failure   Level
 Magic Dart               Conj           0%         1d3       100%        1
 Searing Ray              Conj           0%         2d4       100%        2
 Ignite Poison            Fire/Tmut/Pois 0%         N/A       100%        3
 Mephitic Cloud           Conj/Pois/Air  0%         N/A       100%        3
 Fulminant Prism          Conj/Hex       0%         3d6       100%        4
 Freezing Cloud           Conj/Ice/Air   0%         6-21      100%        5


Dungeon Overview and Level Annotations

Branches:
Dungeon (4/15)
 Temple: D:4-7

Altars:
Ashenzari


Innate Abilities, Weirdness & Mutations

You are immune to sickness and miasma.
Your stone body is resilient. (AC +4)
You are immune to poison.
You resist negative energy. (rN+)
You are resistant to electric shocks. (rElec)
You are resistant to unholy torment.
You are immune to petrification.
You are weak. (Str -2)
Your spells are a little harder to cast, but a little more powerful.
Your movements are slightly less encumbered by armour. (ER -2)


Message History

a +0 short sword; a +0 leather armour; an orc corpse You miss something.
You hear some strange, mumbled words.
You are more confused.
You hear some strange, mumbled words.
You bump into the rock wall.
You hear some strange, mumbled words.
A magic dart appears from out of thin air!
The magic dart hits you.
You closely miss something. x2; Something hits you but does no damage.
Something hits you. Something hits you but does no damage. Something hits you.
You bump into the rock wall.
Something hits you but does no damage.
You hear some strange, mumbled words.
A magic dart appears from out of thin air!
The magic dart hits you but does no damage.
You bump into the rock wall.
Something hits you but does no damage.
You hear some strange, mumbled words.
A magic dart appears from out of thin air!
The magic dart hits you.
* * * LOW HITPOINT WARNING * * *
You barely miss something. You completely miss something.
You hear some strange, mumbled words.
A magic dart appears from out of thin air!
The magic dart hits you.
* * * LOW HITPOINT WARNING * * *
Something hits you but does no damage. x2
You hear some strange, mumbled words.
A magic dart appears from out of thin air!
The magic dart hits you but does no damage.
You completely miss something. You closely miss something.
An orc wizard appears from thin air!
Reactivating autopickup.
The orc wizard hits you but does no damage.
Something hits you.
* * * LOW HITPOINT WARNING * * *
Deactivating autopickup; reactivate with Ctrl-A.
You miss something. You barely miss the orc wizard.
The orc wizard gestures at you while chanting.
The puff of flame hits you!
You die...

...#.#...#...........#....#
.........#####...##..#....#
..####.....#####'##..#....#
..# #.....#.........#....#
..# #.....'.....##..#....#
..# #.....#.....######....
..# #.....#......# .....
..# #.....#.##..##
###############o@##
........# #..{.# ........#
#..).# ........# #...##
........# ##..# #####...#
#..# ....#..## ...+
....#..## #...# ....#...#
#...#


You could see an orc wizard.

Vanquished Creatures
  A black bear (D:4)
  An orc priest (D:3)
  A gnoll shaman (D:4)
  Crazy Yiuf (D:3)
  An iguana (D:4)
  4 gnolls
  4 adders
  An ufetubus (D:4)
  2 dart slugs (D:1)
  11 orcs
  3 bats
  7 endoplasms
  3 giant cockroaches
  3 goblins
  A hobgoblin (D:1)
  A jackal (D:2)
  8 ball pythons
  2 frilled lizards
  7 kobolds
  2 rats
64 creatures vanquished.

Notes
Turn   | Place    | Note
-------+----------+-------------------------------------------
     0 | D:1      | bande the Gargoyle Fighter began the quest for the Orb.
     0 | D:1      | Reached XP level 1. HP: 14/14 MP: 1/1
   159 | D:1      | Reached XP level 2. HP: 15/19 MP: 2/2
   428 | D:1      | Reached XP level 3. HP: 13/23 MP: 3/3
  2138 | D:2      | Reached XP level 4. HP: 29/29 MP: 4/4
  2462 | D:3      | Gained mutation: You are frail. (-10% HP) [potion of
                  | mutation]
  2462 | D:3      | Gained mutation: You are dopey. (Int -2) [potion of
                  | mutation]
  2463 | D:3      | Lost mutation: You are frail. (-10% HP) [potion of
                  | mutation]
  2463 | D:3      | Lost mutation: You are dopey. (Int -2) [potion of mutation]
  2463 | D:3      | Gained mutation: You are weak. (Str -2) [potion of
                  | mutation]
  2463 | D:3      | Gained mutation: Your movements are slightly less
                  | encumbered by armour. (ER -2) [potion of mutation]
  2463 | D:3      | Gained mutation: Your spells are a little harder to cast,
                  | but a little more powerful. [potion of mutation]
  3034 | D:3      | Found a runed translucent door.
  3035 | D:3      | Noticed Crazy Yiuf
  3338 | D:3      | Found a faded altar of an unknown god.
  3414 | D:3      | Reached XP level 5. HP: 32/33 MP: 5/5
  3573 | D:3      | Killed Crazy Yiuf
  3683 | D:4      | Found a broken altar of Ashenzari.
  3760 | D:4      | Noticed a black bear
  3768 | D:4      | Killed a black bear
  3769 | D:4      | Reached skill level 1 in Evocations
  3769 | D:4      | Reached XP level 6. HP: 34/38 MP: 6/6
  5327 | D:4      | Killed from afar by an orc wizard

Illustrated notes

Levels and vault maps discovered:
D:1:      lemuel_arrival_rhombus, layout_basic, hangedman_decor_slide_cut,
          minmay_pentomino_r2
D:2:      minmay_evil_eye, layout_basic
D:3:      layout_basic, ebering_ecumenical_altar_box, uniq_crazy_yiuf_cottage
D:4:      layout_gridville, ashenzari_altar_1

Skill      XL: |  1  2  3  4  5 |
---------------+----------------+-----
Axes           | 2 3 |  3.8
Armour         | 4 |  4.7
Fighting       | 4 |  4.2
Shields        | 4 |  4.6
Evocations     | 1 |  1.4

Action                   |  1- 3 |  4- 6 || total
-------------------------+-------+-------++-------
Melee: War axe           |    80 |   118 ||   198
  Use: Scroll            |     5 |     6 ||    11
       Potion            |       |     2 ||     2
Armor: Scale mail        |    52 |    77 ||   129
Dodge: Dodged            |    20 |    37 ||    57
Block: Buckler           |    12 |       ||    12
       Tower shield      |     9 |   113 ||   122

Table legend: (Time is in decaauts)
 A = Elapsed time spent in this place.
 B = Non-inter-level travel time spent in this place.
 C = Inter-level travel time spent in this place.
 D = Time resting spent in this place.
 E = Time spent auto-exploring this place.
 F = Levels seen in this place.
 G = Mean time per level.
                   A        B        C        D        E       F      G
               +--------+--------+--------+--------+--------+-----+--------+
         Total |   5447 |   5360 |     87 |   1350 |   3364 |   4 | 1361.8 |
       Dungeon |   5447 |   5360 |     87 |   1350 |   3364 |   4 | 1361.8 |
               +--------+--------+--------+--------+--------+-----+--------+

Top non-repeatable levels by time:
     D:4: 1744 daAuts
     D:1: 1357 daAuts
     D:3: 1205 daAuts
     D:2: 1140 daAuts
